 Dungeon Crawl Stone Soup version 0.31.0-1-g2c135a008e (webtiles) character file.

Game seed: 13672240575069854186

938 qw the Shooter (level 8, 0/52 HPs)
             Began as a Djinni Hunter on Jan 23, 2024.
             Was an Initiate of Okawaru.
             Slain by an orc wizard
             ... wielding a +0 dagger
              (1 damage)
             ... on level 5 of the Dungeon.
             The game lasted 00:00:27 (4433 turns).

qw the Shooter (Djinni Hunter)                      Turns: 4433, Time: 00:00:28

Health: 0/52       AC:  5    Str: 10    XL:     8   Next: 34%
Gold:   310        EV: 13    Int: 11    God:    Okawaru [......] SH:  0 Dex: 19

rFire   + + .        a - +1 shortbow
rCold   x . .        (shield currently unavailable)
rNeg    . . .        c - +0 leather armour
rPois   inf          (no helmet)
rElec   .            d - +1 cloak
rCorr   +            (no gloves)
SInv    .            (boots unavailable)
Will    +....        (no amulet)
Stlth   ++           h - ring of resist corrosion
HPRegen 0.28/turn    (no ring)
MPRegen 0.00/turn

%: infuse magic (-1 HP)
@: flying
A: sickness immunity, fire resistance 2, cold vulnerability 1, float, innate
caster, HP casting, extra vitality 1, frail 1, strong-willed 1
a: Renounce Religion


You were on level 5 of the Dungeon.
You worshipped Okawaru.
Okawaru was noncommittal.
You visited 2 branches of the dungeon, and saw 6 of its levels.

You collected 310 gold pieces.


Innate Abilities, Weirdness & Mutations

You are immune to sickness and miasma.
You are immune to poison.
Your flesh is very heat resistant. (rF++)
You are vulnerable to cold. (rC-)
You float through the air rather than walking.
You learn spells naturally, not from books.
Your magical power is your life essence.
You have superior vitality. (+4 MHP)
You are frail. (-10% HP)
You are strong-willed. (Will+)


   Skills:
 + Level 4.2 Fighting
 - Level 7.0 Ranged Weapons
 - Level 1.3 Armour
 - Level 4.0 Dodging
 - Level 0.7 Stealth


You knew the following spells:

 Your Spells              Type           Power      Damage    Failure   Level
a - Foxfire               Conj/Fire      0%         2x1d4     43%         1
b - Mercury Vapours       Alch/Air       0%         N/A       56%         2
c - Frozen Ramparts       Ice            0%         1d1       80%         3
Your spell library was empty.

Inventory:

Hand Weapons
 a - a +1 shortbow (weapon)
Armour
 c - a +0 leather armour (worn)
 d - a +1 cloak (worn)
Jewellery
 h - a ring of resist corrosion (left hand)
 m - a ring of resist corrosion
Wands
 b - a wand of flame (3)
 g - a wand of quicksilver (6)
 i - a wand of charming (14)
Potions
 f - a potion of curing
 l - a potion of haste {unknown}

Dungeon Overview and Level Annotations

Branches:
Dungeon (5/15)             Temple (1/1) D:4

Altars:
Ashenzari
Cheibriados
Dithmenos
Elyvilon
Fedhas
Hepliaklqana
Makhleb
Nemelex Xobeh
Okawaru
Ru
Trog
Uskayaw
Xom
Yredelemnul
Zin
The Shining One

Shops:
D:2 (


Message History

You kill the iguana!
Okawaru accepts your kill. The orc hits you but does no damage.
Your Ranged Weapons skill increases to level 7!
You shoot an arrow. The arrow hits the howler monkey!
The howler monkey is moderately wounded.
The howler monkey hits you.
An orc comes into view. It is wielding a +0 hand axe.
The orc hits you with a +0 hand axe. The howler monkey hits you.
You shoot an arrow.
The arrow closely misses the howler monkey.
The howler monkey barely misses you.
You shoot an arrow. The arrow hits the howler monkey.
The howler monkey is severely wounded.
The orc hits you with a +0 hand axe.
The howler monkey hoots and howls with incredible vigour!
The orc closely misses you.
The orc wizard gestures wildly while chanting.
The orc wizard flickers and vanishes!
Deactivating autopickup; reactivate with Ctrl-A.
The orc hits you with a +0 hand axe.
Something shouts, "Leave, thou puking half-faced clam!"
You shoot an arrow.
The arrow hits the howler monkey but does no damage.
The howler monkey is severely wounded.
The howler monkey hits you. The orc barely misses you.
The howler monkey hoots and howls with incredible vigour!
You shoot an arrow. The arrow hits the howler monkey.
The howler monkey is severely wounded.
The howler monkey hits you. The orc hits you with a +0 hand axe.
You shoot an arrow. The arrow hits the howler monkey!
You kill the howler monkey!
Okawaru accepts your kill.
You hear some strange, mumbled words.
A magic dart appears from out of thin air!
The magic dart hits you. The orc barely misses you.
You shoot an arrow. The arrow hits the orc.
The orc is almost dead.
The orc barely misses you. Something hits you.
You die...

#....... .....
###......) ....###
#####.......#.
##...#.###.........#...
..................###.
#...........#....##..
#........#####..#... #
##.{o...#..#.#...#...
..#.oo@...#..........##
...?..##....#..........#
###.. #....##..#.#......
#...##..###..#........
#....#..###..#........
#.....##............
###.................
#............###..#
#.........<..##...#


You could see 3 orcs.

Vanquished Creatures
  Edmund (D:5)
  2 ogres
  A phantom (D:4)
  A scorpion (D:4)
  A howler monkey (D:5)
  A jelly (D:4)
  2 orc priests
  A hound (D:4)
  Jessica (D:2)
  An iguana (D:5)
  Ijyb (D:3)
  Natasha (thrice) (D:3)
  3 orc wizards (D:4)
  4 gnolls (D:3)
  2 adders
  A white imp (D:5)
  2 ufetubi (D:5)
  A dart slug (D:4)
  4 orcs
  A bat (D:1)
  10 endoplasms
  4 goblins
  8 hobgoblins
  8 kobolds
  A quokka (D:1)
  5 ball pythons
  A frilled lizard (D:2)
  2 rats (D:1)
73 creatures vanquished.

Notes
Turn   | Place    | Note
-------+----------+-------------------------------------------
     0 | D:1      | qw the Djinni Hunter began the quest for the Orb.
     0 | D:1      | Reached XP level 1. HP: 18/18 MP: 0/0
     0 | D:1      | 0 ||| qw: Version: 0.3-a-134-g2ba4250
     0 | D:1      | 0 ||| qw: Game counter: 678
     0 | D:1      | 0 ||| qw: Melee chars always use a shield: true
     0 | D:1      | 0 ||| qw: God list: Okawaru
     0 | D:1      | 0 ||| qw: Allow faded altars: false
     0 | D:1      | 0 ||| qw: Do Orc after clearing Dungeon:15 true
     0 | D:1      | 0 ||| qw: Do second Lair branch before Depths: true
     0 | D:1      | 0 ||| qw: Lair rune preference: random
     0 | D:1      | 0 ||| qw: Goals: Normal
     0 | D:1      | 0 ||| PLANNING D:1-11
   186 | D:1      | Reached XP level 2. HP: 23/23 MP: 0/0
   501 | D:1      | 501 ||| READING scroll labelled ULIHYARUOQ.
   534 | D:1      | 534 ||| READING scroll labelled REJUSO LUIQUENAH.
   534 | D:1      | 534 ||| IDENTIFYING 2 metallic emerald potions
   671 | D:1      | Reached XP level 3. HP: 28/28 MP: 0/0
   671 | D:1      | Learned a level 1 spell: Foxfire
   770 | D:1      | 770 ||| DROPPING scroll of butterflies.
   823 | D:2      | Reached skill level 4 in Ranged Weapons
   840 | D:2      | Found a faded altar of an unknown god.
   852 | D:2      | Found Yronk's Weapon Shop.
  1081 | D:2      | Noticed Jessica
  1083 | D:2      | Killed Jessica
  1084 | D:2      | Reached skill level 3 in Fighting
  1084 | D:2      | Reached XP level 4. HP: 35/35 MP: 0/0
  1613 | D:2      | 1613 ||| UPGRADING to +0 cloak.
  1618 | D:2      | 1618 ||| UPGRADING to ring of resist corrosion.
  1619 | D:2      | 1619 ||| READING scroll labelled AGOPAAPSYE.
  1620 | D:2      | 1620 ||| READING scroll labelled BIKLAMIOLI.
  1867 | D:3      | Noticed Natasha
  1882 | D:3      | Killed Natasha
  1883 | D:3      | Reached skill level 3 in Dodging
  2161 | D:3      | Noticed Natasha
  2163 | D:3      | 2163 ||| FLEEEEING.
  2164 | D:3      | 2164 ||| FLEEEEING.
  2165 | D:3      | 2165 ||| FLEEEEING.
  2168 | D:3      | 2168 ||| ZAPPING wand of quicksilver (10) at 0,-4 (cerulean
                  | imp; floor).
  2169 | D:3      | 2169 ||| ZAPPING wand of quicksilver (9) at 0,-2 (cerulean
                  | imp; floor).
  2170 | D:3      | 2170 ||| RETREEEEATING.
  2171 | D:3      | 2171 ||| RETREEEEATING.
  2172 | D:3      | 2172 ||| RETREEEEATING.
  2173 | D:3      | 2173 ||| RETREEEEATING.
  2174 | D:3      | 2174 ||| RETREEEEATING.
  2174 | D:3      | HP: 6/35 [cerulean imp/+1 spear[Natasha] (4)]
  2175 | D:3      | 2175 ||| READING 2 scrolls of teleportation.
  2176 | D:3      | 2176 ||| RETREEEEATING.
  2176 | D:3      | Noticed Ijyb
  2177 | D:3      | 2177 ||| READING scroll of teleportation.
  2178 | D:3      | 2178 ||| RETREEEEATING.
  2179 | D:3      | 2179 ||| RETREEEEATING.
  2180 | D:3      | 2180 ||| RETREEEEATING.
  2350 | D:3      | Reached XP level 5. HP: 37/40 MP: 0/0
  2350 | D:3      | Learned a level 2 spell: Mercury Vapours
  2449 | D:3      | 2449 ||| DRINKING 2 potions of curing.
  2449 | D:3      | 2449 ||| (to cure confusion)
  2460 | D:3      | Killed Ijyb
  2777 | D:3      | Killed Natasha
  2882 | D:3      | 2882 ||| READING 3 scrolls of identify.
  2882 | D:3      | 2882 ||| IDENTIFYING fizzy black potion
  2883 | D:3      | 2883 ||| READING 2 scrolls of identify.
  2883 | D:3      | 2883 ||| IDENTIFYING murky emerald potion
  2884 | D:3      | 2884 ||| READING scroll of identify.
  2884 | D:3      | 2884 ||| IDENTIFYING scroll labelled BOTAOHAAWK
  2885 | D:3      | 2885 ||| READING scroll labelled HEDIMA POHEE.
  2885 | D:3      | 2885 ||| ENCHANTING +0 cloak.
  2886 | D:3      | 2886 ||| DROPPING scroll of poison.
  2887 | D:3      | 2887 ||| DROPPING potion of invisibility.
  2888 | D:3      | 2888 ||| DROPPING potion of lignification.
  2895 | D:3      | Noticed Natasha
  2906 | D:3      | 2906 ||| ZAPPING wand of quicksilver (8) at -1,0 (Natasha;
                  | floor).
  2906 | D:3      | Killed Natasha
  2907 | D:3      | Reached skill level 5 in Ranged Weapons
  2907 | D:3      | Reached XP level 6. HP: 22/46 MP: 0/0
  3010 | D:4      | Reached skill level 1 in Armour
  3099 | D:4      | Noticed an ogre
  3100 | D:4      | 3100 ||| ZAPPING wand of flame (11) at 6,-3 (ogre; floor).
  3101 | D:4      | 3101 ||| RETREEEEATING.
  3102 | D:4      | 3102 ||| ZAPPING wand of quicksilver (7) at 5,-4 (ogre;
                  | floor).
  3103 | D:4      | 3103 ||| RETREEEEATING.
  3104 | D:4      | 3104 ||| RETREEEEATING.
  3105 | D:4      | 3105 ||| RETREEEEATING.
  3106 | D:4      | 3106 ||| ZAPPING wand of flame (10) at 4,-3 (ogre; floor).
  3107 | D:4      | 3107 ||| ZAPPING wand of flame (9) at 3,-2 (ogre; floor).
  3108 | D:4      | 3108 ||| ZAPPING wand of flame (8) at 2,-1 (ogre; floor).
  3109 | D:4      | 3109 ||| ZAPPING wand of flame (7) at 1,0 (ogre; floor).
  3110 | D:4      | 3110 ||| ZAPPING wand of flame (6) at 1,0 (ogre; floor).
  3111 | D:4      | 3111 ||| RETREEEEATING.
  3112 | D:4      | 3112 ||| ZAPPING wand of flame (5) at 1,0 (ogre; floor).
  3113 | D:4      | 3113 ||| ZAPPING wand of flame (4) at 1,0 (ogre; floor).
  3113 | D:4      | Killed an ogre
  3128 | D:4      | Reached XP level 7. HP: 47/52 MP: 0/0
  3128 | D:4      | Learned a level 3 spell: Frozen Ramparts
  3580 | D:4      | HP: 11/52 [something (4)]
  3582 | D:4      | Reached skill level 6 in Ranged Weapons
  3859 | D:4      | Found a staircase to the Ecumenical Temple.
  3860 | D:4      | 3860 ||| PLANNING TEMPLE
  3860 | D:4      | 3860 ||| READING scroll of identify.
  3860 | D:4      | 3860 ||| IDENTIFYING grey potion
  3861 | D:4      | 3861 ||| DRINKING potion of mutation.
  3861 | D:4      | Gained mutation: You are frail. (-10% HP) [potion of
                  | mutation]
  3861 | D:4      | Gained mutation: You are strong-willed. (Will+) [potion of
                  | mutation]
  3862 | D:4      | 3862 ||| READING scroll labelled WOTUUC MODIYS.
  3862 | D:4      | 3862 ||| ENCHANTING +0 shortbow.
  3871 | Temple   | Entered the Ecumenical Temple
  3871 | Temple   | Noticed a hellwing
  3872 | Temple   | 3872 ||| PLANNING OKAWARU WORSHIP
  3872 | Temple   | Noticed Foateg the pandemonium lord
  3872 | Temple   | Noticed Qiwira the pandemonium lord
  3890 | Temple   | Became a worshipper of Warmaster Okawaru
  3891 | Temple   | 3891 ||| PLANNING D:1-11
  4058 | D:5      | Entered Level 5 of the Dungeon
  4071 | D:5      | Reached XP level 8. HP: 52/52 MP: 0/0
  4152 | D:5      | Noticed Edmund
  4167 | D:5      | HP: 13/52 [Edmund/+2 flail of venom (5)]
  4172 | D:5      | HP: 7/52 [Edmund/+2 flail of venom (3)]
  4173 | D:5      | Killed Edmund
  4427 | D:5      | Reached skill level 7 in Ranged Weapons
  4429 | D:5      | HP: 12/52 [orc/+0 hand axe (4)]
  4432 | D:5      | HP: 1/52 [something/magic dart (6)]
  4433 | D:5      | Slain by an orc wizard

Levels and vault maps discovered:
D:1:      lemuel_arrival_muddy, layout_basic, minmay_strange_pillars
D:2:      layout_basic, serial_shops, shop,
          hellmonk_ecumenical_altar_heavens_door, uniq_jessica
D:3:      layout_basic, uniq_ijyb, uniq_natasha
D:4:      layout_rooms, lemuel_temple_firewalk_a, amcnicky_mini_corridor_feature
D:5:      layout_cave_pools, minmay_ogre_servants, uniq_edmund
Temple:   nicolae_temple_panitentiary

Skill      XL: |  1  2  3  4  5  6  7  8 |
---------------+-------------------------+-----
Ranged Weapons | 4 5 6 7 |  7.0
Fighting       | 3 4 |  4.2
Dodging        | 3 4 |  4.0
Armour         | 1 |  1.3
Stealth        | |  0.7

Action                     |  1- 3 |  4- 6 |  7- 9 || total
---------------------------+-------+-------+-------++-------
   Fire: Shortbow          |    39 |   148 |   169 ||   356
  Evoke: Wand              |       |    12 |       ||    12
    Use: Scroll            |     2 |     8 |     2 ||    12
         Potion            |       |     1 |     1 ||     2
 Armour: Leather armour    |       |    68 |   102 ||   170
  Dodge: Dodged            |     1 |    53 |    75 ||   129

Table legend:
 A = Non-vault XP
 B = Vault XP
 C = Vault XP percentage of total XP
 D = Non-vault monster count
 E = Vault monster count
 F = Vault count percentage of total count
                 A         B        C        D         E       F
            +---------+---------+-------+---------+---------+-------
      Total |    1067 |     274 |  20.4 |      69 |       4 |   5.5
            +---------+---------+-------+---------+---------+-------
        D:1 |      29 |       0 |   0.0 |      16 |       0 |   0.0
        D:2 |      13 |      37 |  74.0 |       8 |       1 |  11.1
        D:3 |     145 |      71 |  32.9 |      11 |       2 |  15.4
        D:4 |     593 |       0 |   0.0 |      26 |       0 |   0.0
        D:5 |     287 |     166 |  36.6 |       8 |       1 |  11.1
            +---------+---------+-------+---------+---------+-------
